 Dungeon Crawl Stone Soup version 0.27-a0-75-g9f9dfd16e9 (webtiles) character file.

Game seed: 12720995250534947785

70 knot the Chopper (level 4, 33/52 HPs)
             Began as a Demonspawn Berserker on Jan 13, 2021.
             Was a Believer of Trog.
             Quit the game on level 2 of the Dungeon.
             The game lasted 00:02:27 (1428 turns).

knot the Chopper (Demonspawn Berserker)             Turns: 1428, Time: 00:02:28

Health: 33/52      AC: 11    Str: 17      XL:     4   Next: 3%
Magic:  4/4        EV: 11    Int:  8 (10) God:    Trog [**....]
Gold:   95         SH:  0    Dex: 10 (12) Spells: 3/3 levels left

rFire    . . .     SeeInvis .   a - +0 hand axe
rCold    . . .     Faith    .   (no shield)
rNeg     . . .     Spirit   .   d - +0 ring mail
rPois    .         Reflect  .   (helmet restricted)
rElec    .         Harm     .   (no cloak)
rCorr    .         Rampage  .   (no gloves)
Will     .....                  (no boots)
Stlth    ..........             (no amulet)
HPRegen  0.17/turn              (no ring)
MPRegen  0.09/turn              (no ring)

@: berserking (expiring), quite poisoned (33 -> 16), sanguine armour,
attractive, hasted, very quick
A: antennae 1, spiny 1, sanguine armour 1
a: Renounce Religion, Berserk, Trog's Hand


You were on level 2 of the Dungeon.
You worshipped Trog.
Trog was pleased with you.
You visited 1 branch of the dungeon, and saw 2 of its levels.

You collected 95 gold pieces.

Inventory:

Hand Weapons
 a - a +0 hand axe (weapon)
Missiles
 i - 53 stones (quivered)
Armour
 d - a +0 ring mail (worn)
Scrolls
 c - 3 scrolls of identify {unknown}
 g - a scroll of enchant weapon {unknown}
Potions
 b - a potion of attraction
 h - a potion of heal wounds


   Skills:
 - Level 3.0 Fighting
 + Level 4.5 Axes
 - Level 1.7 Armour
 - Level 1.7 Dodging


You had 3 spell levels left.
You didn't know any spells.
Your spell library was empty.

Dungeon Overview and Level Annotations

Branches:
Dungeon (2/15)

Altars:


Innate Abilities, Weirdness & Mutations

You have a pair of small antennae on your head.
You are partially covered in sharp spines.
When seriously injured, your bleeding wounds create armour. (AC +6)


Message History

You are more poisoned.
You barely miss the gnoll.
You feel sick.
The gnoll hits you with a +2 spear of venom.
You are more poisoned.
You barely miss the gnoll.
You feel sick.
You hit the gnoll.
The gnoll is heavily wounded.
You feel sick. The gnoll hits you but does no damage.
You hit the gnoll.
The gnoll is heavily wounded.
Your blood congeals into armour.
You feel sick. The gnoll misses you.
You slash the gnoll!
You kill the gnoll!
Trog accepts your kill.
You feel sick.
You feel your strength returning.
You have reached level 4!
You feel clever.
Your demonic ancestry asserts itself...
Sharp spines emerge from parts of your body.
Are you sure you want to abandon this character and quit the game? (Confirm with "yes".)

....... #.##.#######
....... #.#........#
...g.g. #.########.#
....... #.#......#.#
..$.... #.#.####.#.#
.......####.#...)....#
...(.....)...[gg†>.###
..####.####.)####..#
#......)@.....#
#..###..†####.# #.
#....... ..# #.
#<#....##### ##
#.#..... . #.....# ..
#..#.## .. ......


There were no monsters in sight!

Vanquished Creatures
  4 gnolls
  An ooze (D:1)
  2 bats (D:1)
  3 giant cockroaches
  A goblin (D:1)
  5 hobgoblins
  3 jackals (D:1)
  A quokka (D:2)
  A ball python (D:2)
  2 frilled lizards (D:1)
  A kobold (D:2)
  2 rats
26 creatures vanquished.

Notes
Turn   | Place    | Note
-------+----------+-------------------------------------------
     0 | D:1      | knot the Demonspawn Berserker began the quest for the Orb.
     0 | D:1      | Reached XP level 1. HP: 18/18 MP: 1/1
   126 | D:1      | Reached skill level 3 in Axes
   500 | D:1      | Gained mutation: You have a pair of small antennae on your
                  | head. [demonic ancestry]
   500 | D:1      | Reached XP level 2. HP: 13/24 MP: 2/2
  1349 | D:2      | Reached ** piety under Trog
  1350 | D:2      | Reached skill level 4 in Axes
  1350 | D:2      | Gained mutation: When seriously injured, your bleeding
                  | wounds create armour. (AC +6) [demonic ancestry]
  1350 | D:2      | Reached XP level 3. HP: 29/29 MP: 3/3
  1428 | D:2      | Gained mutation: You are partially covered in sharp spines.
                  | [demonic ancestry]
  1428 | D:2      | Reached XP level 4. HP: 33/35 MP: 4/4
  1428 | D:2      | Quit the game

Illustrated notes

Levels and vault maps discovered:
D:1:      psy_arrival_conway, layout_loops_ring
D:2:      layout_basic, nicolae_overflow_hidden_temple,
          overflow_temple_1_default, chequers_serial_rivers_large_a,
          uniq_terence

Skill      XL: |  1  2 |
---------------+-------+-----
Axes           | 3 4 |  4.5
Fighting       | |  3.0
Armour         | |  1.7
Dodging        | |  1.7

Action                   |  1- 3 |  4- 6 || total
-------------------------+-------+-------++-------
Melee: Hand axe          |    86 |       ||    86
Throw: Stone             |     1 |       ||     1
Invok: Berserk           |     4 |       ||     4
  Use: Potion            |     5 |       ||     5
Armor: Animal skin       |     2 |       ||     2
       Ring mail         |    20 |       ||    20
Dodge: Dodged            |    61 |       ||    61

Table legend: (Time is in decaauts)
 A = Elapsed time spent in this place.
 B = Non-inter-level travel time spent in this place.
 C = Inter-level travel time spent in this place.
 D = Time resting spent in this place.
 E = Time spent auto-exploring this place.
 F = Levels seen in this place.
 G = Mean time per level.
                   A        B        C        D        E       F      G
               +--------+--------+--------+--------+--------+-----+--------+
         Total |   1466 |   1462 |      4 |    673 |    583 |   2 |  733.0 |
       Dungeon |   1466 |   1462 |      4 |    673 |    583 |   2 |  733.0 |
               +--------+--------+--------+--------+--------+-----+--------+

Top non-repeatable levels by time:
     D:1: 1346 daAuts
     D:2: 120 daAuts
